AoeStats
← Shredded_Pork

Black Forest

509418817Analyzed
4v4 RM · 5d ago on Sep 26, 2026· 52m 22s· 8 players
Game mode
Random Map
Map size
Large (8 player)
Population
200
Speed
Normal
Resources
Standard
Victory
Conquest
Starting age
Dark Age
Ending age
Imperial Age
RankedLock teamsTeams togetherTeam positionsShared explorationLock speedFull tech treeHidden civsTurbo modeCheats
Victory
Defeat
🇺🇸 Turks · United States
804
+14
🇮🇹 Poles · Italy
766
+16
🇨🇳 Burgundians · China
713
+18
🇹🇷 Khitans · Türkiye
681
+20
🇲🇽 Varangians · Mexico
770
-17
🇲🇽 Varangians · Mexico
766
-17
🇦🇷 Vietnamese · Argentina
754
-17
🇲🇽 Danes · Mexico
751
-17
LuchoCuzzo
0:49 Loom
14:53 Feudal Age
16:54 Wheelbarrow
16:12 Gold Mining
16:12 Double-Bit Axe
16:43 Fishing Lines
22:07 Castle Age
20:27 Horse Collar
21:16 Stone Mining
23:13 Hand Cart
23:10 Bow Saw
23:40 Stone Shaft Mining
23:36 Heavy Plow
24:45 Gillnets
26:14 Town Watch
30:20 Scale Barding Armor
30:16 Scale Mail Armor
30:27 Forging
30:28 Padded Archer Armor
30:18 Fletching
31:29 Chain Barding Armor
34:57 Imperial Age
32:44 Bodkin Arrow
33:05 Leather Archer Armor
32:23 Elite Skirmisher
33:47 Town Patrol
34:10 Thumb Ring
34:23 Murder Holes
34:40 Fortified Wall
36:12 Crop Rotation
36:45 Two-Man Saw
36:44 Paper Money
37:52 Chemistry
37:14 Ballistics
36:35 Treadmill Crane
38:21 Leather Archer Armor
38:07 Bracer
37:30 Imperial Skirmisher
38:09 Light Cavalry
38:59 Bloodlines
38:51 Husbandry
39:44 Ring Archer Armor
39:51 Plate Barding Armor
41:07 Forging
40:56 Elite Battle Elephant
44:24 Hoardings
43:52 Chatras
46:30 Elite Rattan Archer
pulga92000
14:55 Feudal Age
16:32 Double-Bit Axe
21:31 Castle Age
21:28 Horse Collar
22:53 Scale Barding Armor
25:46 Chain Barding Armor
26:42 Heavy Plow
27:47 Fortified Wall
28:45 Masonry
34:57 Husbandry
37:37 Forging
38:20 Scale Mail Armor
39:37 Chain Mail Armor
40:42 Wheelbarrow
41:56 Padded Archer Armor
41:47 Fletching
43:00 Iron Casting
43:47 Gold Mining
47:31 Imperial Age
45:38 Murder Holes
47:33 Cavalier
Chakal09
13:47 Feudal Age
20:58 Castle Age
19:54 Double-Bit Axe
19:58 Horse Collar
22:16 Pikeman
34:12 Imperial Age
33:21 Fletching
34:58 Wheelbarrow
34:55 Bow Saw
35:21 Heavy Plow
39:21 Elite Jomsviking
41:11 Hand Cart
41:11 Hamask
44:22 Halberdier
44:23 Elite Varangian Guard
47:04 Northmen's Fury
49:03 Heavy Scorpion
hector_1718
0:33 Loom
20:21 Feudal Age
22:58 Double-Bit Axe
26:52 Arson
28:08 Fletching
30:37 Castle Age
30:03 Padded Archer Armor
31:11 Crossbowman
34:44 Forging
37:47 Bodkin Arrow
38:07 Leather Archer Armor
38:35 Bow Saw
38:00 Pikeman
39:38 Scale Mail Armor
40:32 Ballistics
40:30 Squires
41:54 Elite Skirmisher
46:09 Iron Casting
zivrisinek
0:52 Loom
20:39 Feudal Age
22:19 Town Watch
23:10 Wheelbarrow
22:19 Domestication
22:26 Double-Bit Axe
22:25 Fishing Lines
22:38 Gold Mining
22:42 Stone Mining
26:20 Castle Age
26:09 Fletching
26:20 Padded Archer Armor
26:27 Scale Barding Armor
26:22 Scale Mail Armor
26:33 Forging
27:13 Town Patrol
27:14 Bodkin Arrow
28:45 Lamellar Armor
29:50 Leather Archer Armor
30:29 Iron Casting
31:48 Hand Cart
33:28 Bow Saw
34:21 Stone Shaft Mining
33:49 Murder Holes
34:42 Squires
34:06 Pikeman
34:32 Arson
35:17 Chain Mail Armor
35:16 Husbandry
36:28 Pastoralism
37:21 Chain Barding Armor
43:25 Imperial Age
43:12 Masonry
44:10 Ordo Cavalry
44:27 Conscription
45:05 Plate Mail Armor
44:43 Elite Steppe Lancer
47:34 Transhumance
46:31 Heavy Rocket Cart
49:02 Two-Man Saw
48:06 Caravan
vgsh121082
11:35 Feudal Age
22:55 Castle Age
21:55 Double-Bit Axe
22:03 Gold Mining
22:08 Stone Mining
25:46 Town Watch
28:34 Imperial Age
28:22 Bow Saw
29:10 Gold Shaft Mining
30:25 Wheelbarrow
31:12 Town Patrol
33:56 Hand Cart
35:28 Artillery
36:59 Two-Man Saw
35:42 Horse Collar
36:53 Bloodlines
36:47 Husbandry
38:48 Hoardings
38:58 Elite Janissary
39:58 Caravan
42:11 Scale Barding Armor
42:17 Forging
Shredded_Pork
11:03 Feudal Age
12:40 Double-Bit Axe
12:47 Horse Collar
21:02 Castle Age
19:41 Stone Mining
19:41 Gold Mining
22:31 Bow Saw
33:23 Imperial Age
32:16 Wheelbarrow
32:09 Squires
33:19 Hand Cart
33:54 Stone Shaft Mining
33:54 Gold Shaft Mining
33:23 Heavy Plow
34:26 Two-Man Saw
33:39 Burgundian Vineyards
32:58 Elite Skirmisher
35:06 Chemistry
34:26 Ballistics
34:26 Scale Barding Armor
34:21 Scale Mail Armor
34:32 Forging
34:12 Fletching
34:23 Padded Archer Armor
35:03 Conscription
35:00 Husbandry
36:03 Chain Barding Armor
36:32 Caravan
37:09 Chain Mail Armor
37:29 Iron Casting
37:39 Bodkin Arrow
40:53 Plate Barding Armor
40:48 Plate Mail Armor
41:02 Pikeman
alexgiaco98
0:27 Loom
18:50 Feudal Age
19:30 Horse Collar
19:37 Double-Bit Axe
21:34 Gold Mining
24:05 Stone Mining
30:33 Castle Age
29:19 Bloodlines
31:20 Heavy Plow
31:41 Bow Saw
32:48 Stone Shaft Mining
33:40 Husbandry
35:21 Light Cavalry
36:11 Szlachta Privileges
37:32 Thumb Ring
43:54 Imperial Age
44:02 Heavy Mounted Crossbowman
45:57 Crop Rotation
47:02 Winged Hussar
48:49 Chemistry
48:09 Ballistics
49:41 Lechitic Legacy
49:44 Conscription
50:14 Padded Archer Armor
50:05 Fletching
50:21 Scale Mail Armor
Connection lost

Rejoining the realm…

Still unreachable

The connection could not be restored.

Session expired

The server has moved on; the page needs a fresh start.